 Dungeon Crawl Stone Soup version 0.31.0-32-g396128a36d (webtiles) character file.

Game seed: 15319699516664765068

51 Ijustatesigmund the Conjurer (level 3, 0/24 HPs)
             Began as an Octopode Conjurer on Mar 22, 2024.
             Slain by a goblin
             ... wielding a +0 club
             ... led by Robin
              (6 damage)
             ... on level 2 of the Dungeon.
             The game lasted 00:02:04 (1452 turns).

Ijustatesigmund the Conjurer (Octopode Conjurer)    Turns: 1452, Time: 00:02:04

Health: 0/24       AC:  1    Str:  6    XL:     3   Next: 81%
Magic:  1/6        EV: 13    Int: 22    God:
Gold:   89         SH:  0    Dex: 10    Spells: 4/7 levels left

rFire   . . .        f - +0 whip
rCold   . . .        (no shield)
rNeg    . . .        (helmet restricted)
rPois   .            (no amulet)
rElec   .            (no ring)
rCorr   .            (no ring)
SInv    .            (no ring)
Will    .....        (no ring)
Stlth   +++          (no ring)
HPRegen 0.24/turn    (no ring)
MPRegen 0.10/turn    (no ring)
                     (no ring)

%: no passive effects
@: brilliant
A: almost no armour, amphibious, 8 rings, camouflage 1, gelatinous body 1,
(nimble swimmer 1), tentacles
a: no special abilities


You were on level 2 of the Dungeon.
You visited 1 branch of the dungeon, and saw 2 of its levels.

You collected 89 gold pieces.

Inventory:

Hand Weapons
 f - a +0 whip (weapon)
Scrolls
 b - 6 scrolls of identify {unknown}
 c - a scroll of silence {unknown}
 d - a scroll of noise {unknown}
 e - a scroll of enchant weapon {unknown}
 g - a scroll of poison {unknown}
 j - a scroll of blinking {unknown}
Potions
 a - a potion of magic
 h - a potion of lignification {unknown}
 k - a potion of experience {unknown}


   Skills:
 + Level 1.7 Fighting
 - Level 2.0 Dodging
 - Level 2.6 Stealth
 + Level 2.6 Spellcasting
 + Level 4.4 Conjurations


You had 4 spell levels left.
You knew the following spells:

 Your Spells              Type           Power      Damage    Failure   Level
a - Magic Dart            Conj           100%       1d8       1%          1
b - Searing Ray           Conj           66%        2d6       3%          2

Your spell library contained the following spells:

 Spells                   Type           Power      Damage    Failure   Level
 Fulminant Prism          Conj/Alch      9%         3d7       45%         4
 Iskenderun's Mystic Bla  Conj/Tloc      19%        2d6       45%         4


Dungeon Overview and Level Annotations

Branches:
Dungeon (2/15)

Altars:

Annotations:
D:2 Robin


Innate Abilities, Weirdness & Mutations

You cannot wear most types of armour.
You are amphibious.
You can wear up to eight rings at the same time.
Your skin changes colour to match your surroundings (Stealth+).
Your rubbery body absorbs attacks. (AC +1, EV +1)
((You are camouflaged when in or above water. (Stealth+)))
You have tentacles for arms and can constrict up to eight enemies at once.


Message History

Unknown command.
Without enough magic to sustain it, your searing ray dissipates.
The goblin closely misses you. Robin throws the goblin at you!
The goblin closely misses you. The goblin barely misses you.
You closely miss the goblin. Your grab misses the goblin.
The goblin hits you with a +0 club. The goblin misses you.
Robin throws the goblin at you!
You closely miss the goblin. You grab the goblin. You constrict the goblin.
The goblin barely misses you. The goblin hits you with a +0 dagger.
The goblin hits you with a +0 club.
You hit the goblin.
You kill the goblin!
The goblin hits you with a +0 club. The goblin closely misses you.
The goblin misses you. The goblin attacks as it pursues you!
The goblin barely misses you. Robin throws the goblin at you!
The goblin barely misses you.
Things that are here:
a +0 dagger; a goblin corpse You closely miss the goblin.
Your grab misses the goblin. Your squeeze misses the goblin.
The goblin hits you with a +0 club. The goblin closely misses you.
The goblin completely misses you.
You hit the goblin. Your grab misses the goblin.
Your squeeze misses the goblin.
The goblin is severely wounded.
The goblin closely misses you. The goblin misses you.
The goblin barely misses you.
Robin roars a battlecry!
The goblins go into a battle-frenzy!
The goblin barely misses you. The goblin misses you.
The goblin hits you with a +0 club.
You miss the goblin. Your grab misses the goblin.
The goblin is severely wounded.
The goblin misses you. The goblin hits you with a +0 club.
The goblin closely misses you.
It was a potion of brilliance.
You feel clever all of a sudden. The goblin hits you with a +0 club.
* * * LOW HITPOINT WARNING * * *
The goblin closely misses you. The goblin hits you with a +0 club.
You die...

.##......##.#########
.#######............
. ###.#####..# .
#....##..# ####.....#
# ###...# ... #...#
.....###g.#.#
....glgg@g..#
.....######## .). .


You could see Robin, a hobgoblin (strong), 3 goblins and a frilled lizard.

Vanquished Creatures
  A dart slug (D:1)
  3 ball pythons (D:1)
  4 endoplasms
  9 goblins
  5 hobgoblins
  7 jackals (D:1)
  3 kobolds (D:1)
  A quokka (D:1)
  3 bats (D:1)
  3 rats (D:1)
39 creatures vanquished.

Notes
Turn   | Place    | Note
-------+----------+-------------------------------------------
     0 | D:1      | Ijustatesigmund the Octopode Conjurer began the quest for
                  | the Orb.
     0 | D:1      | Reached XP level 1. HP: 11/11 MP: 3/3
   190 | D:1      | Reached XP level 2. HP: 9/18 MP: 1/5
   193 | D:1      | Learned a level 2 spell: Searing Ray
   486 | D:1      | Reached skill level 1 in Fighting
   609 | D:1      | Reached XP level 3. HP: 15/23 MP: 6/6
  1438 | D:2      | Noticed Robin
  1452 | D:2      | Slain by a goblin

Illustrated notes

Levels and vault maps discovered:
D:1:      nicolae_arrival_somewhat_less_tricky_arrival, layout_basic
D:2:      layout_basic, uniq_robin

Skill      XL: |  1  2 |
---------------+-------+-----
Fighting       | 1 |  1.7
Dodging        | |  2.0
Stealth        | |  2.6
Spellcasting   | |  2.6
Conjurations   | |  4.4

Action                     || total
---------------------------++-------
  Melee: Whip              ||    25
         Constrict         ||     5
         Tentacles         ||     2
   Cast: Magic Dart        ||    43
         Searing Ray       ||     3
    Use: Potion            ||     1
 Armour: Skin              ||    21
  Dodge: Dodged            ||    35
